 Dungeon Crawl Stone Soup version 0.28-a0-1206-g193881aaa2 (webtiles) character file.

Game seed: 7584046571942300519

322 bande the Covered (level 6, -1/38 HPs)
             Began as a Gargoyle Fighter on Dec 21, 2021.
             Was an Initiate of Okawaru.
             Slain by Sigmund (9 damage)
             ... on level 4 of the Dungeon.
             The game lasted 00:05:14 (3973 turns).

bande the Covered (Gargoyle Fighter)                Turns: 3973, Time: 00:05:15

Health: -1/38      AC:  8    Str: 21    XL:     6   Next: 47%
Magic:  5/5        EV:  9    Int:  9    God:    Okawaru [......]
Gold:   130        SH:  5    Dex: 11    Spells: 5/5 levels left

rFire   . . .      SeeInvis .   a - +0 war axe
rCold   . . .      Faith    .   c - +1 buckler
rNeg    + . .      Spirit   .   b - +0 scale mail
rPois   ∞          Reflect  .   (no helmet)
rElec   +          Harm     .   (no cloak)
rCorr   .          Rampage  .   (no gloves)
Will    .....                   (no boots)
Stlth   ..........              (no amulet)
HPRegen 0.12/turn               (no ring)
MPRegen 0.09/turn               (no ring)

@: no status effects
A: sickness immunity, AC +4, negative energy resistance 1, electricity
resistance, torment resistance 1, petrification resistance, deformed body, low
mp 1, strong 1, wild magic 1
a: Renounce Religion


You were on level 4 of the Dungeon.
You worshipped Okawaru.
Okawaru was noncommittal.
You visited 2 branches of the dungeon, and saw 5 of its levels.

You collected 130 gold pieces.

Inventory:

Hand Weapons
 a - a +0 war axe (weapon)
Armour
 b - a +0 scale mail (worn)
 c - a +1 buckler (worn)
Wands
 i - a wand of iceblast (10)
Scrolls
 e - a scroll of identify
Potions
 d - a potion of might
 f - a potion of heal wounds
 g - 2 potions of curing
 h - a potion of magic


   Skills:
 + Level 4.2 Fighting
 + Level 4.2 Axes
 + Level 4.5 Armour
 - Level 0.2 Stealth
 + Level 4.3 Shields
 * Level 0.3 Invocations


You had 5 spell levels left.
You didn't know any spells.
Your spell library contained the following spells:

 Spells                   Type           Power      Damage    Failure   Level
 Shock                    Conj/Air       0%         1d3       78%         1
 Portal Projectile        Hex/Tloc       0%         N/A       98%         3
 Swiftness                Air            0%         N/A       98%         3
 Airstrike                Air            0%         N/A       100%        4
 Blade Hands              Tmut           0%         N/A       100%        5
 Excruciating Wounds      Necr           0%         N/A       100%        5


Dungeon Overview and Level Annotations

Branches:
Dungeon (4/15)             Temple (1/1) D:4

Altars:
Ashenzari
Cheibriados
Dithmenos
Elyvilon
Fedhas
Gozag
Hepliaklqana
Kikubaaqudgha
Makhleb
Nemelex Xobeh
Okawaru
Qazlal
Ru
Sif Muna
Trog
Uskayaw
Vehumet
Wu Jian
Xom
Yredelemnul
The Shining One

Annotations:
D:4 Sigmund


Innate Abilities, Weirdness & Mutations

You are immune to sickness and miasma.
Your stone body is resilient. (AC +4)
You are immune to poison.
You resist negative energy. (rN+)
You are resistant to electric shocks. (rElec)
You are resistant to unholy torment.
You are immune to petrification.
Armour fits poorly on your strangely shaped body.
Your magical capacity is low. (-10% MP)
Your muscles are strong. (Str +2)
Your spells are a little harder to cast, but a little more powerful.


Message History

Sigmund casts a spell at you. The puff of flame misses you.
You slash Sigmund!
Sigmund is moderately wounded.
You hit the jackal skeleton but do no damage.
Sigmund barely misses you.
A dart slug comes into view.
The jackal skeleton barely misses you.
You hit Sigmund.
Sigmund is moderately wounded.
You barely miss the jackal skeleton. You block the jackal skeleton's attack.
You block Sigmund's attack.
You closely miss Sigmund.
Sigmund is moderately wounded.
You hit the jackal skeleton. The jackal skeleton barely misses you.
You block the jackal skeleton's attack. You block Sigmund's attack.
Unknown command.
You hit Sigmund.
Sigmund is heavily wounded.
You slash the jackal skeleton!
You destroy the jackal skeleton!
Okawaru accepts your kill.
Your scale mail prevents you from hitting Sigmund.
Sigmund is heavily wounded.
You block Sigmund's attack.
You hit Sigmund.
Sigmund is severely wounded.
You slash the water moccasin skeleton! The water moccasin skeleton bites you.
Sigmund gestures wildly while chanting.
Sigmund flickers and vanishes!
Deactivating autopickup; reactivate with Ctrl-A.
You block the water moccasin skeleton's attack.
You hit something. You hit the dart slug but do no damage.
You hit the water moccasin skeleton. Something hits you!
* * * LOW HITPOINT WARNING * * *
The water moccasin skeleton misses you. The dart slug closely misses you.
The water moccasin skeleton bites you but does no damage.
You miss something. You hit the dart slug. You hit the water moccasin skeleton.
Something hits you!
You die...

########.......#
####.
#.......######.#
.. .#.#####..#
#........#
########.#
......#.### .
#......#
....#.w#Z#.#
#...{@)#.#
#.......# #
#.##..#.# #
#..#.# #......
#.#.#...
#...#...
#.####.##


You could see a dart slug and a water moccasin skeleton.

Vanquished Creatures
  An ogre (D:3)
  An orc priest (D:2)
  2 iguanas (D:3)
  A hound skeleton (D:3)
  6 adders
  2 dart slugs
  7 orcs
  4 endoplasms
  13 goblins
  6 hobgoblins
  9 jackals
  8 kobolds
  2 ball pythons
  4 bats
  6 frilled lizards
  A jackal skeleton (D:4)
  6 rats
79 creatures vanquished.

Notes
Turn   | Place    | Note
-------+----------+-------------------------------------------
     0 | D:1      | bande the Gargoyle Fighter began the quest for the Orb.
     0 | D:1      | Reached XP level 1. HP: 14/14 MP: 1/1
     6 | D:1      | Noticed a salamander
     6 | D:1      | Noticed a rime drake
     7 | D:1      | Noticed a hound
     7 | D:1      | Noticed a redback
   454 | D:1      | Reached XP level 2. HP: 18/19 MP: 2/2
   876 | D:1      | Found a faded altar of an unknown god.
  1184 | D:2      | Reached XP level 3. HP: 23/23 MP: 3/3
  1225 | D:2      | Found a snail-covered altar of Cheibriados.
  1541 | D:2      | Reached XP level 4. HP: 6/29 MP: 4/4
  2523 | D:3      | Reached XP level 5. HP: 20/33 MP: 5/5
  3097 | D:3      | Gained mutation: Armour fits poorly on your strangely
                  | shaped body. [potion of mutation]
  3097 | D:3      | Gained mutation: Your spells are a little harder to cast,
                  | but a little more powerful. [potion of mutation]
  3097 | D:3      | Gained mutation: Your magical capacity is low. (-10% MP)
                  | [potion of mutation]
  3097 | D:3      | Gained mutation: Your muscles are strong. (Str +2) [potion
                  | of mutation]
  3200 | D:3      | Noticed an ogre
  3212 | D:3      | Killed an ogre
  3213 | D:3      | Reached XP level 6. HP: 25/38 MP: 5/5
  3737 | D:4      | Found a staircase to the Ecumenical Temple.
  3741 | Temple   | Entered the Ecumenical Temple
  3794 | Temple   | Became a worshipper of Warmaster Okawaru
  3954 | D:4      | Noticed Sigmund
  3973 | D:4      | Slain by Sigmund

Illustrated notes

Levels and vault maps discovered:
D:1:      onia_arrival_zoo_common, layout_basic,
          hellmonk_ecumenical_altar_zigzags
D:2:      layout_loops_corners, basic_altar, minmay_liquid_box
D:3:      minmay_spotlight, layout_basic, minmay_ogre_servants
D:4:      minmay_recursive_quarters, layout_loops_cross,
          minmay_temple_entry_butterflies, serial_co_window_serial,
          co_window_of_opportunity_a, co_window_corner_a,
          co_window_of_opportunity_a, co_window_paths_b, co_window_paths_a,
          co_window_corner_a, co_window_unsneaky_path_c, co_window_2corner,
          co_window_broadway_c, glass_columns_a, glass_columns_b, uniq_pikel,
          uniq_sigmund
Temple:   nicolae_temple_the_god_donut

Skill      XL: |  1  2  3  4  5 |
---------------+----------------+-----
Axes           | 2 3 4 |  4.2
Armour         | 4 |  4.5
Fighting       | 4 |  4.2
Shields        | 4 |  4.3
Stealth        | |  0.2
Invocations    | |  0.3

Action                   |  1- 3 |  4- 6 || total
-------------------------+-------+-------++-------
Melee: War axe           |   106 |   130 ||   236
  Use: Scroll            |     2 |     6 ||     8
       Potion            |       |     1 ||     1
Armor: Scale mail        |    53 |    61 ||   114
Dodge: Dodged            |    56 |    78 ||   134
Block: Buckler           |    20 |    36 ||    56

Table legend: (Time is in decaauts)
 A = Elapsed time spent in this place.
 B = Non-inter-level travel time spent in this place.
 C = Inter-level travel time spent in this place.
 D = Time resting spent in this place.
 E = Time spent auto-exploring this place.
 F = Levels seen in this place.
 G = Mean time per level.
                   A        B        C        D        E       F      G
               +--------+--------+--------+--------+--------+-----+--------+
         Total |   4059 |   4059 |      0 |   1116 |   2176 |   5 |  811.8 |
       Dungeon |   3973 |   3973 |      0 |   1116 |   2176 |   4 |  993.2 |
        Temple |     86 |     86 |      0 |      0 |      0 |   1 |   86.0 |
               +--------+--------+--------+--------+--------+-----+--------+

Top non-repeatable levels by time:
     D:3: 1426 daAuts
     D:2: 1199 daAuts
     D:1: 1190 daAuts
     D:4: 156 daAuts
  Temple: 86 daAuts
